cohdb
Replays
Latest Replays
All Replays
Popular Replays
Top Player Replays
Match Explorer
How It Works
Community
CoH3 Stats
Reddit
Sign in to upload your games and track your stats! →
Sign in with Steam
Match 41276053
Unlisted
Match 41276053
Overview
Messages
Build Orders
End
Kettenkrad Recon Vehicle
Construct Infanterie Kompanie
MG 42 Machine Gun Team
Selects Terror Battlegroup
Selects Terror Battlegroup
Selects Machine Gun Camouflage
MG 42 Machine Gun Team
Construct Panzergrenadier Kompanie
Panzergrenadier Squad
251 Medium Carrier
Medical Station
Panzergrenadier Officer Quarters
Panzergrenadier Squad
Selects Contempt for the Weak
MG 42 Machine Gun Team
Pak 40 Anti-tank Gun Team
Pak 40 Anti-tank Gun Team
Selects Propaganda Leaflet Drop
Construct Panzer Kompanie
Panzer IV Medium Tank
MG 42 Machine Gun Team
Propaganda Leaflet Drop
GrW 34 Mortar Team
Selects No Quarter
Selects V1 Rocket Strike
V1 Rocket Strike
Pak 40 Anti-tank Gun Team
Pak 40 Anti-tank Gun Team
Propaganda Leaflet Drop
Felisia_P
v4mp - HTB -
Particycles
banksss33
0
0
Comments
sign in to comment!
No comments posted yet!